 Dungeon Crawl Stone Soup version 0.22-a0-362-g535178c (webtiles) character file.

116 Amnesiac the Purveyor of Pain (level 4, 0/33 HPs)
             Began as a Mummy Necromancer on Apr 19, 2018.
             Was an Initiate of Kikubaaqudgha.
             Slain by a gnoll
             ... wielding a cursed +0 whip
              (2 damage)
             ... on level 3 of the Dungeon.
             The game lasted 00:03:10 (1513 turns).

Amnesiac the Purveyor of Pain (Mummy Necromancer)   Turns: 1513, Time: 00:03:11

Health: 0/33       AC:  2    Str: 11    XL:     4   Next: 70%
Magic:  1/8        EV: 13    Int: 15    God:    Kikubaaqudgha [......]
Gold:   102        SH:  0    Dex: 12    Spells: 5/9 levels left

rFire    x . .     SeeInvis .   (no weapon)
rCold    + . .     Gourm    .   (no shield)
rNeg     + + +     Faith    .   a - +0 robe
rPois    ∞         Spirit   .   (no helmet)
rElec    .         Reflect  .   (no cloak)
rCorr    .         Harm     .   (no gloves)
MR       .....                  (no boots)
Stlth    ++........             (no amulet)
HPRegen  0.11/turn              (no ring)
MPRegen  0.11/turn              (no ring)

@: no status effects
A: no food or potions, fire vulnerability, cold resistance 1, negative energy
resistance 3, torment resistance, unbreathing
a: Renounce Religion


You were on level 3 of the Dungeon.
You worshipped Kikubaaqudgha.
Kikubaaqudgha was noncommittal.
You were not hungry.

You visited 2 branches of the dungeon, and saw 6 of its levels.

You collected 102 gold pieces.

Inventory:

Hand Weapons
 i - a +0 morningstar
 k - a +0 longbow
Armour
 a - a +0 robe (worn)
Wands
 j - a wand of enslavement (14)
Scrolls
 b - a scroll of amnesia {!r, unknown}
 c - 3 scrolls of identify {!r, unknown}
 d - a scroll of enchant weapon {!r, unknown}
 f - a scroll of teleportation {!r, unknown}
 g - 2 scrolls of remove curse {!r, unknown}
 h - a scroll of fear {!r, unknown}


   Skills:
 + Level 1.9 Fighting
 * Level 3.0 Dodging
 - Level 1.5 Stealth
 - Level 3.0 Spellcasting
 + Level 4.5 Necromancy


You had 5 spell levels left.
You knew the following spells:

 Your Spells              Type           Power        Failure   Level  Hunger
a - Pain                  Necr           ###.         3%          1    N/A
d - Vampiric Draining     Necr           ###.......   10%         3    N/A

Dungeon Overview and Level Annotations

Branches:
Dungeon (5/15)             Temple (1/1) D:5

Altars:
Cheibriados
Dithmenos
Elyvilon
Kikubaaqudgha
Makhleb
Trog
Uskayaw
Vehumet
Wu Jian
Xom
The Shining One


Innate Abilities, Weirdness & Mutations

You do not eat or drink.
Your flesh is vulnerable to fire.
You are immune to poison.
Your flesh is cold resistant. (rC+)
You are immune to negative energy. (rN+++)
You are immune to unholy pain and torment.
You can survive without breathing.


Message History

You kill the worker ant!
Kikubaaqudgha accepts your kill.
Your Dodging skill increases to level 3!
(D) Dungeon (T) Temple
Where to? (Enter - D:2 @ (x,y), ? - help)
What level of the Dungeon? (default 5, ? - help)
There is a staircase back to the Dungeon here.
You climb upwards.
Welcome back to the Dungeon!
There is a staircase to the Ecumenical Temple here.
Your magical contamination has completely faded away.
There is an open door here.
You see here a ration.
There is a stone staircase leading up here.
You climb upwards.
There is a stone staircase leading down here.
There is an open door here.
Magic restored.
You see here a lumpy amethyst potion {!q}.
You open the door.
There is an open door here.
There is an open door here.
There is a stone staircase leading up here.
You climb upwards.
The gnoll shouts! x2
The gnoll closely misses you. The gnoll hits you with a whip!
* * * LOW HITPOINT WARNING * * *
The gnoll closely misses you.
There is a stone staircase leading down here.
Casting: Pain (safe; 3% risk of failure)
Confirm with . or Enter, or press ? or * to list all spells.
Aiming: Vampiric Draining (safe; 10% risk of failure)
Press: ? - help, Shift-Dir - straight line, f - gnoll
Aim: a gnoll The gnoll is moderately wounded.
You feel life coursing into your body. The gnoll barely misses you.
The gnoll closely misses you.
Casting: Vampiric Draining (safe; 10% risk of failure)
Confirm with . or Enter, or press ? or * to list all spells.
Aiming: Vampiric Draining (safe; 10% risk of failure)
Press: ? - help, Shift-Dir - straight line, f - gnoll, p - gnoll
Aim: a gnoll, wielding a whip The gnoll is heavily wounded.
You feel life coursing into your body. The gnoll hits you with a whip.
* * * LOW HITPOINT WARNING * * *
The gnoll barely misses you.
Unknown command.
Casting: Vampiric Draining (safe; 10% risk of failure)
Confirm with . or Enter, or press ? or * to list all spells.
You don't have enough magic to cast that spell.
Really read
e - a scroll labeled QUAVEKK PISHROE {!r}?
As you read the scroll labeled QUAVEKK PISHROE {!r}, it crumbles to dust.
The scroll dissolves into smoke.
It was a scroll of fog {!r}.
The gnoll closely misses you. x2
Take off which item? (? for menu, Esc to quit)
Okay, then.
Casting: Vampiric Draining (safe; 10% risk of failure)
Confirm with . or Enter, or press ? or * to list all spells.
Aiming: Pain (safe; 3% risk of failure)
Press: ? - help, Shift-Dir - straight line, f - gnoll, p - gnoll
Aim: a gnoll (black smoke, moderately wounded, chance to defeat MR: 80%)
The gnoll writhes in agony!
The gnoll closely misses you. The gnoll hits you with a whip.
You die...
Kikubaaqudgha rasps: "You have failed me!
Welcome... oblivion!"

## .. .# .#
.####
######....#.#
#§g@gg.......
#§###§.......
#.# #........
#.# #........
#.# .........
#.#.#........
#.#.#........
#.#.#........
#.#.#


You could see 3 gnolls.

Vanquished Creatures
  A hound (D:4)
  A worker ant (Temple)
  An adder (D:2)
  A dart slug (D:2)
  A worm (D:2)
  2 leopard geckos
  An orc (D:4)
  A ball python (D:3)
  2 bats
  3 giant cockroaches
  5 hobgoblins
  6 jackals
  9 kobolds
  A quokka (D:1)
  3 frilled lizards
  6 rats
44 creatures vanquished.

Notes
Turn   | Place    | Note
-------+----------+-------------------------------------------
     0 | D:1      | Amnesiac the Mummy Necromancer began the quest for the Orb.
     0 | D:1      | Reached XP level 1. HP: 13/13 MP: 4/4
   294 | D:2      | Reached XP level 2. HP: 20/20 MP: 0/5
   548 | D:2      | Reached skill level 1 in Fighting
   614 | D:2      | Reached XP level 3. HP: 26/26 MP: 3/7
   625 | D:2      | Learned a level 3 spell: Vampiric Draining
  1301 | D:4      | Found a burning altar of Makhleb.
  1307 | D:4      | Reached XP level 4. HP: 28/33 MP: 0/8
  1361 | D:5      | Entered Level 5 of the Dungeon
  1363 | D:5      | Noticed a sky beast
  1382 | D:5      | Found a staircase to the Ecumenical Temple.
  1388 | Temple   | Entered the Ecumenical Temple
  1433 | Temple   | Became a worshipper of Kikubaaqudgha
  1513 | D:3      | Slain by a gnoll

Vault maps used:
D:1:      dpeg_arrival_round_b, nrook_mini_backslash
D:2:      first_ration, minmay_tetromino_l2
D:3:      overflow_temple_1_default, minitemple
D:4:      makhleb_heckhound_becter
D:5:      nicolae_overflow_hidden_temple, temple_green, st_stairs_6
Temple:   zaba_magenta_temple

Skill      XL: |  1  2  3  4 |
---------------+-------------+-----
Dodging        | 2 3 |  3.0
Spellcasting   | 3 |  3.0
Fighting       | 1 |  1.9
Stealth        | |  1.5
Necromancy     | |  4.5

Action                   |  1- 3 |  4- 6 || total
-------------------------+-------+-------++-------
Melee: Unarmed           |     1 |       ||     1
 Cast: Pain              |    85 |     5 ||    90
       Vampiric Draining |       |     4 ||     4
  Use: Scroll            |       |     1 ||     1
Armor: Robe              |     5 |     1 ||     6
Dodge: Dodged            |    17 |    21 ||    38

Table legend:
 A = Spawn XP
 B = Non-spawn XP
 C = Spawn XP percentage of total XP
 D = Spawn monster count
 E = Non-spawn monster count
 F = Spawn count percentage of total count
 G = Total turns spent on level
                    A         B        C        D         E        F      G
               +---------+---------+-------+---------+---------+-------+---------
         Total |       0 |     167 |   0.0 |       0 |      44 |   0.0 |  1513
               +---------+---------+-------+---------+---------+-------+---------
           D:1 |       0 |      13 |   0.0 |       0 |       8 |   0.0 |   397
           D:2 |       0 |      46 |   0.0 |       0 |      18 |   0.0 |   520
           D:3 |       0 |      18 |   0.0 |       0 |      11 |   0.0 |   256
           D:4 |       0 |      54 |   0.0 |       0 |       6 |   0.0 |   236
        Temple |       0 |      36 |   0.0 |       0 |       1 |   0.0 |    67
               +---------+---------+-------+---------+---------+-------+---------
